 Dungeon Crawl Stone Soup version 0.16.1-18-g436b03c (webtiles) character file.

555 Ruokin the Covered (level 7, -3/54 HPs)
             Began as a Human Fighter on May 17, 2015.
             Was a Follower of the Shining One.
             Slain by Edmund
             ... wielding a cursed -1 dire flail
              (8 damage)
             ... on level 6 of the Dungeon.
             The game lasted 00:34:41 (5436 turns).

Ruokin the Covered (Human Fighter)                  Turns: 5436, Time: 00:34:41

Health: -3/54      AC: 11    Str: 18    XL:     7   Next: 55%
Magic:  7/7        EV:  6    Int:  8    God:    the Shining One [*.....]
Gold:   338        SH:  9    Dex: 13    Spells: 0 memorised, 6 levels left

rFire  . . .     SeeInvis .     a - +1 flail
rCold  . . .     Clarity  .     g - +0 chain mail
rNeg   . . .     SustAb   .     c - +0 shield
rPois  +         Gourm    .     d - +0 helmet
rElec  .         Spirit   .     (no cloak)
rCorr  .         Warding  .     (no gloves)
rMut   .         Stasis   .     (no boots)
MR     .....                    w - amulet of rage
Stlth  ..........               (no ring)
                                r - ring of poison resistance

@: glowing, not resistant to hostile enchantments, extremely unstealthy
A: no striking features
a: Renounce Religion, Evoke Berserk Rage


You were on level 6 of the Dungeon.
You worshipped the Shining One.
The Shining One was aware of your devotion.
You were hungry.

You visited 1 branch of the dungeon, and saw 6 of its levels.

You collected 338 gold pieces.

Inventory:

Hand weapons
 a - a +1 flail (weapon)
 f - a +0 falchion
 y - a +0 short sword of venom
 A - a +0 rapier
Armour
 b - a +0 leather armour of cold resistance
 c - a +0 shield (worn)
 d - a +0 helmet (worn)
 g - a +0 chain mail (worn)
 j - a +2 buckler
 z - a +0 helmet
Jewellery
 r - a ring of poison resistance (left hand)
 w - an amulet of rage (around neck)
Magical devices
 q - a wand of random effects (42)
Scrolls
 e - a scroll of amnesia {unknown}
 h - a scroll of blinking {unknown}
 l - 2 scrolls of magic mapping
 n - 2 scrolls of remove curse
Potions
 i - a potion of agility {unknown}
 m - a potion of heal wounds {unknown}
 p - a potion of brilliance {unknown}
 t - a potion of curing {unknown}
Books
 k - a book of Flames

   Spells                             Type                      Level
   a - Flame Tongue                   Conjuration/Fire             1
   b - Throw Flame                    Conjuration/Fire             2
   c - Conjure Flame                  Conjuration/Fire             3
   d - Inner Flame                    Hexes/Fire                   3
   e - Sticky Flame                   Conjuration/Fire             4
   f - Fireball                       Conjuration/Fire             5


   Skills:
 + Level 4.2 Fighting
 + Level 4.2 Maces & Flails
 + Level 4.9 Armour
 + Level 2.1 Dodging
 + Level 0.4 Stealth
 + Level 4.3 Shields
 + Level 0.4 Evocations


You had 6 spell levels left.
You didn't know any spells.

Dungeon Overview and Level Annotations

Branches:
Dungeon (6/15)
 Temple: D:4-7

Altars:
Qazlal
Vehumet
Xom
Yredelemnul
Zin
The Shining One

Annotations:
D:3 Sigmund
D:6 Edmund, Natasha


Message History

Edmund is moderately wounded.
Edmund hits you but does no damage.
Natasha, Servant of Life and Death comes into view.
Natasha hisses angrily.
You hit Edmund.
Edmund is heavily wounded.
You block Natasha's attack. Edmund barely misses you.
Natasha claws you but does no damage.
You thump Natasha!
Natasha is severely wounded.
Edmund hits you with an enchanted dire flail.
* * * LOW HITPOINT WARNING * * *
Natasha stares at you and mumbles some strange words.
The magic dart hits you!
* * * LOW HITPOINT WARNING * * *
You closely miss Natasha.
Natasha is severely wounded.
You block Edmund's attack. You block Natasha's attack.
Edmund hits you with an enchanted dire flail!
You die...

. #.### #
...#### #.
#.##.#. .......
#. #.#
#.###...### #.
#.# #.o.oY....#
#. #.#
#@###.#.#.# #.
#.# #.# #.# #.
#.###.###.#
#h###.........#
#.@@oY.##..####
######.###.#
#.# #.# #.# #.#
#.# #.#
#.###.######.#
#.......Y.....
###..........#
#.....(.....


You could see Edmund, an ice beast, Natasha and an orc.

Vanquished Creatures
  An ice beast (D:6)
  A giant frog (D:4)
  A goliath beetle (D:4)
  2 iguanas (D:5)
  A giant frog skeleton (D:5)
  An orc wizard (D:4)
  An orc priest (D:5)
  A worker ant zombie (D:5)
  Robin (D:4)
  5 adders
  A gnoll (D:1)
  A giant mite (D:5)
  A worm (D:2)
  An adder zombie (D:5)
  5 giant geckos
  2 oozes
  8 orcs
  5 giant cockroaches
  17 goblins
  16 hobgoblins
  13 jackals
  8 kobolds
  A quokka (D:2)
  A ball python (D:5)
  8 bats
  7 giant newts
  2 jackal skeletons
  10 rats
122 creatures vanquished.

Notes
Turn   | Place    | Note
--------------------------------------------------------------
     0 | D:1      | Ruokin, the Human Fighter, began the quest for the Orb.
     0 | D:1      | Reached XP level 1. HP: 18/18 MP: 1/1
   248 | D:1      | Reached XP level 2. HP: 18/24 MP: 2/2
   991 | D:1      | Reached XP level 3. HP: 26/29 MP: 3/3
  1590 | D:2      | Reached XP level 4. HP: 27/35 MP: 4/4
  1845 | D:2      | Found a shimmering altar of Xom.
  2181 | D:3      | Found a stormy altar of Qazlal.
  2184 | D:3      | Found a radiant altar of Vehumet.
  2186 | D:3      | Found a glowing golden altar of the Shining One.
  2187 | D:3      | Found a basalt altar of Yredelemnul.
  2188 | D:3      | Found a glowing silver altar of Zin.
  2210 | D:3      | Became a worshipper of the Shining One
  2309 | D:3      | Reached skill level 1 in Dodging
  2463 | D:3      | Reached skill level 4 in Armour
  2676 | D:3      | Reached XP level 5. HP: 41/41 MP: 5/5
  3122 | D:3      | Noticed Sigmund
  3656 | D:4      | Reached XP level 6. HP: 47/47 MP: 6/6
  3664 | D:4      | Noticed Robin
  3695 | D:4      | Killed Robin
  4059 | D:4      | HP: 2/72 [goliath beetle (20)]
  4478 | D:4      | Noticed a sky beast
  4478 | D:5      | Entered Level 5 of the Dungeon
  4811 | D:5      | Acquired the Shining One's first power
  4820 | D:5      | Reached XP level 7. HP: 48/54 MP: 7/7
  4906 | D:5      | The Shining One protects you from harm!
  4908 | D:5      | HP: 1/54 [iguana (6)]
  4910 | D:5      | The Shining One protects you from harm!
  5373 | D:6      | Noticed Edmund
  5433 | D:6      | Noticed Natasha
  5436 | D:6      | Slain by Edmund

Action                   |  1- 3 |  4- 6 |  7- 9 || total
-------------------------+-------+-------+-------++-------
Melee: Flail             |   179 |   306 |    66 ||   551
 Abil: Evoke Berserk Rag |       |     2 |       ||     2
Evoke: Wand              |       |       |     2 ||     2
  Use: Scroll            |       |    11 |     1 ||    12
       Potion            |       |     3 |     1 ||     4
  Eat: Bread ration      |     1 |     2 |       ||     3
       Fruit             |       |     4 |       ||     4
